puck, lawful female human Valkyrie ------------ ------------- |..........| #+..`........| |.>........| ###|...........| |........@.| # |.....<.....| |........aa| ### --.---------- ----------a- # # ------ aaaaa ########################################-....| a # # # |....| ##a ###### # |....| # # ` # |....| ### ###### # ------- ##.....| # # # --|--- |.`...| # ------ --.------------#### |....-##########......| ### |.............|## |....| |.....| # |.............+## |....| +......####### |...`.........| ------ |.....| |..............###########################......| --------------- ------- puck the Fighter Experience level: 7 Strength: 21 Dexterity: 13 Constitution: 17 Intelligence: 9 Wisdom: 9 Charisma: 7 Health: 0(52) Energy: 9(9) Def: 9 Gold: 466 Moves: 2949 Dungeon seed: xs69pkpZflZTOWEC Game ID: puck_1559405021 Your Inventory: Coins $ - 466 gold pieces Weapons a - the blessed rustproof +2 Excalibur (weapon in hand) b - 11 uncursed +0 daggers (in quiver) Armor e - an uncursed +3 small shield (being worn) n - an uncursed +0 dwarvish cloak (being worn) q - an uncursed +0 dwarvish iron helm (being worn) r - an uncursed +0 pair of water walking boots (being worn) y - an uncursed +0 alchemy smock N - an uncursed +0 orcish ring mail (being worn) Comestibles c - 2 uncursed food rations h - an uncursed tripe ration Scrolls f - an uncursed scroll of enchant armor u - an uncursed scroll of summoning F - an uncursed scroll of identify Amulets m - an uncursed amulet of ESP (being worn) Wands A - an uncursed wand of make invisible (0:4) Tools d - an uncursed oil lamp (0:1454) i - an uncursed leash o - an uncursed skeleton key v - an uncursed +0 pick-axe C - an uncursed oil lamp (0:1490) S - an uncursed tin whistle Spells and supernatural/magical abilities: Name Level Category Cost Memory l - light 1 divination 1000pw 99% W - pray for help -- divine ? -- Your skills at the end: Fighting Skills wands [Basic] Weapon Skills dagger [Basic] long sword [Skilled] Spellcasting Skills Final Attributes: You were piously aligned. You were immune to cold. You were level-drain resistant. You were telepathic. You were stealthy. You could walk on water. You were fast. You last prayed 1734 turns ago. Tyr was noncommittal. You are dead. Vanquished creatures: a gnome king 4 water moccasins a fog cloud a shrieker 10 gnome lords 4 gnomish wizards a black naga hatchling 2 giant ants 2 floating eyes 5 dwarves 2 giant bats 4 coyotes 2 manes a large kobold a cave spider 23 gnomes 7 garter snakes a gnome zombie 2 geckos 5 jackals a fox a kobold 2 goblins 3 grid bugs 2 bats a kobold zombie a newt 90 creatures vanquished. Voluntary challenges: You used a wielded weapon 92 times, starting on turn 120. You read items or engraved 5 times, starting on turn 1215. You never genocided any monsters. You never polymorphed an object. You never changed form. You used no wishes. You never split a pudding. You never wrote Elbereth's name. You violated your moral code, losing 29 points of alignment, starting on turn 1935. Dungeon overview: The Dungeons of Doom: levels 1 to 5 Level 1 a long staircase Level 2 stairs to The Gnomish Mines Level 3 a fountain Level 4 Level 5 <- You were here The Gnomish Mines: levels 3 to 6 Level 3 stairs to The Dungeons of Doom Level 4 Level 5 Level 6 many shops, a temple to Odin, a fountain History has recorded: On T:1 you entered the Dungeons of Doom to retrieve the Amulet of Yendor! On T:172 you reached level 2 of The Dungeons of Doom. On T:274 you reached level 1 of The Gnomish Mines. On T:278 you advanced to experience level 2. On T:382 you advanced to experience level 3. On T:463 you advanced to experience level 4. On T:572 you reached level 2 of The Gnomish Mines. On T:597 you advanced to experience level 5. On T:659 you reached level 3 of The Gnomish Mines. On T:772 you reached level 4 of The Gnomish Mines. On T:964 you advanced to experience level 6. On T:2521 you reached level 3 of The Dungeons of Doom. On T:2549 you advanced to experience level 7. On T:2657 you reached level 4 of The Dungeons of Doom. On T:2697 you reached level 5 of The Dungeons of Doom. Score breakdown: Gold: 466 ( 9080 points) Experience: 7 levels (13645 points) Exploration: 6 levels ( 12.50%) ( 9784 points) Discoveries: 8 items ( 3.20%) ( 5366 points) Valuables value: (no points given unless you survive) Artifact value: 4000 (12253 points) Variety of kills: 27 monsters ( 7.11%) ( 7996 points) Turncount: 2949 turns ( -574 points) Survival: died (score multiplied by 80%) Total score: 46040 Latest messages: You see here a thick spellbook. G - a thick spellbook. As you read the book, it radiates explosive energy in your face! (You can name a thick spellbook from the item naming menu.) The killer bee stings! (3x) The killer bee misses. (4x) The killer bee stings! The killer bee misses. The killer bee stings! (3x) The killer bee just misses! The killer bee stings! (4x) The killer bee misses. The killer bee stings! The killer bee's sting was poisoned! The killer bee stings! (2x) The killer bee misses. The killer bee stings! The killer bee just misses! The killer bee stings! (2x) The killer bee's sting was poisoned! Valkyrie, your life force is running out. The killer bee stings! The killer bee just misses! The killer bee stings! (2x) You die... Final status: Farvel puck the Valkyrie, killed by a killer bee, while frozen by a spellbook... You died in The Dungeons of Doom on dungeon level 5 with 46040 points, and 466 pieces of gold, after 2949 moves. You were level 7 with a maximum of 52 hit points when you died.